TOP OF THE 1ST |
Echo Park Lakers batting - Pitching for Detroit Renaissance : RHP Maru Pao Pao
|
Pitching: RHP Maru Pao Pao
|
|
Batting: RHB Guillermo Coss
|
0-0: Ground out 5-3 (Groundball, 56)
|
Batting: RHB Jesús Villalba
|
0-0: Ball 1-0: Ball 2-0: Ball 3-0: Called Strike 3-1: SINGLE (Line Drive, 56)
|
Batting: RHB Kumanosuke Abe
|
0-0: Ball Jesús Villalba steals 2nd base 1-0: Ball 2-0: Foul Ball, location: 2F 2-1: Foul Ball, location: 2F 2-2: Ball 3-2: Foul Ball, location: 2F 3-2: Foul Ball, location: 2F 3-2: Foul Ball, location: 2F 3-2: SINGLE (Groundball, 34S) (infield hit) Jesús Villalba to third
|
Batting: RHB Yoshihito Samurakami
|
0-0: Called Strike 0-1: Ball 1-1: 3-RUN HOME RUN (Flyball, 9D), Distance : 363 ft
|
Batting: LHB Stefan Vanderhoof
|
0-0: Called Strike 0-1: Ball 1-1: Foul Ball, location: 2F 1-2: Strikes out swinging
|
Batting: RHB Chris Harrell
|
0-0: Ball 1-0: Called Strike 1-1: Ground out 6-3 (Groundball, 6)
|
Top of the 1st over - 3 runs, 3 hits, 0 errors, 0 left on base; Echo Park 3 - Detroit 0 |
BOTTOM OF THE 1ST |
Detroit Renaissance batting - Pitching for Echo Park Lakers : RHP Brad Cunnick
|
Pitching: RHP Brad Cunnick
|
|
Batting: RHB Pablo Marrero
|
0-0: Ground out 6-3 (Groundball, 6)
|
Batting: SHB David Martínez
|
0-0: Fly out, F7 (Line Drive, 78D)
|
Batting: LHB Javier Sánchez
|
0-0: Ball 1-0: Foul Ball, location: 2F 1-1: Swinging Strike 1-2: Ball 2-2: Strikes out swinging
|
Bottom of the 1st over - 0 runs, 0 hits, 0 errors, 0 left on base; Echo Park 3 - Detroit 0 |
TOP OF THE 2ND |
Echo Park Lakers batting - Pitching for Detroit Renaissance : RHP Maru Pao Pao
|
Batting: RHB Freddy Torres
|
0-0: Ball 1-0: Called Strike 1-1: Called Strike 1-2: Ball 2-2: Strikes out swinging
|
Batting: RHB Ismael Sandoval
|
0-0: Ball 1-0: Ground out 6-3 (Groundball, 6)
|
Batting: RHB Habbo Allaart
|
0-0: Called Strike 0-1: Ball 1-1: Fly out, F7 (Flyball, 7)
|
Top of the 2nd over - 0 runs, 0 hits, 0 errors, 0 left on base; Echo Park 3 - Detroit 0 |
BOTTOM OF THE 2ND |
Detroit Renaissance batting - Pitching for Echo Park Lakers : RHP Brad Cunnick
|
Batting: LHB Todd Henry
|
0-0: Ball 1-0: Foul Ball, location: 2F 1-1: Ball 2-1: Called Strike 2-2: Strikes out swinging
|
Batting: RHB Quincy van Enk
|
0-0: Ball 1-0: Reached on error, E4 (Groundball, 4)
|
Batting: LHB Josh Platt
|
0-0: Ball 1-0: Called Strike 1-1: Swinging Strike 1-2: Foul Ball, location: 2F 1-2: Ball 2-2: Foul Ball, location: 2F 2-2: SINGLE (Flyball, 7S) Quincy van Enk to third
|
Batting: LHB Elian Gonzalez
|
0-0: Ball 1-0: Ball 2-0: Ball 3-0: Called Strike 3-1: Called Strike 3-2: Foul Ball, location: 2F 3-2: Base on Balls Josh Platt to second
|
Batting: RHB Sixto Estrada
|
0-0: SINGLE (Groundball, 56D) Quincy van Enk scores Josh Platt to third Elian Gonzalez to second Runner from 3rd tries for Home, throw and OUT! Elian Gonzalez to third Sixto Estrada to second
|
Batting: LHB Alexis Raimbault
|
0-0: Foul Ball, location: 2F 0-1: Ball 1-1: Ball 2-1: Foul Ball, location: 2F 2-2: Ball 3-2: Base on Balls
|
Batting: RHB Pablo Marrero
|
0-0: Ball 1-0: Ball 2-0: Foul Ball, location: 2F 2-1: Called Strike 2-2: Ball 3-2: DOUBLE (Line Drive, 78M) Elian Gonzalez scores Sixto Estrada scores Alexis Raimbault to third Alexis Raimbault scores
|
Batting: SHB David Martínez
|
0-0: Ball 1-0: Swinging Strike 1-1: Ground out 6-3 (Groundball, 6)
|
Bottom of the 2nd over - 4 runs, 3 hits, 1 error, 1 left on base; Echo Park 3 - Detroit 4 |
TOP OF THE 3RD |
Echo Park Lakers batting - Pitching for Detroit Renaissance : RHP Maru Pao Pao
|
Batting: RHB Guillermo Coss
|
0-0: Ball 1-0: Fly out, F8 (Line Drive, 8LM)
|
Batting: RHB Jesús Villalba
|
0-0: Ball 1-0: Swinging Strike 1-1: Swinging Strike 1-2: Foul Ball, location: 2F 1-2: Strikes out swinging
|
Batting: RHB Kumanosuke Abe
|
0-0: Foul Ball, location: 2F 0-1: Ball 1-1: Ball 2-1: Ball 3-1: Base on Balls
|
Batting: RHB Yoshihito Samurakami
|
0-0: Ball 1-0: Foul Ball, location: 2F 1-1: Ball 2-1: Fly out, F3 (Popup, 3F)
|
Top of the 3rd over - 0 runs, 0 hits, 0 errors, 1 left on base; Echo Park 3 - Detroit 4 |
BOTTOM OF THE 3RD |
Detroit Renaissance batting - Pitching for Echo Park Lakers : RHP Brad Cunnick
|
Batting: LHB Javier Sánchez
|
0-0: Called Strike 0-1: Ball 1-1: Ball 2-1: Foul Ball, location: 2F 2-2: Strikes out swinging
|
Batting: LHB Todd Henry
|
0-0: Ball 1-0: Ground out U3 (Groundball, 34)
|
Batting: RHB Quincy van Enk
|
0-0: Ball 1-0: Ground out 6-3 (Groundball, 6)
|
Bottom of the 3rd over - 0 runs, 0 hits, 0 errors, 0 left on base; Echo Park 3 - Detroit 4 |
TOP OF THE 4TH |
Echo Park Lakers batting - Pitching for Detroit Renaissance : RHP Maru Pao Pao
|
Batting: LHB Stefan Vanderhoof
|
0-0: SINGLE (Flyball, 9S)
|
Batting: RHB Chris Harrell
|
0-0: SINGLE (Line Drive, 56D) Stefan Vanderhoof to second
|
Batting: RHB Freddy Torres
|
0-0: Ball 1-0: Ground out 5-3 (Groundball, 56) Stefan Vanderhoof to third Chris Harrell to second
|
Batting: RHB Ismael Sandoval
|
0-0: Ball 1-0: SINGLE (Line Drive, 9S) Stefan Vanderhoof scores Chris Harrell to third Runner from 3rd tries for Home, SAFE, throw made home
|
Batting: RHB Habbo Allaart
|
0-0: Foul Ball, location: 2F 0-1: Called Strike Ismael Sandoval steals 2nd base 0-2: Ball 1-2: Strikes out swinging
|
Batting: RHB Guillermo Coss
|
0-0: Called Strike 0-1: Fly out, F7 (Line Drive, 7)
|
Top of the 4th over - 2 runs, 3 hits, 0 errors, 1 left on base; Echo Park 5 - Detroit 4 |
BOTTOM OF THE 4TH |
Detroit Renaissance batting - Pitching for Echo Park Lakers : RHP Brad Cunnick
|
Batting: LHB Josh Platt
|
0-0: Ball 1-0: SINGLE (Groundball, 3D)
|
Batting: LHB Elian Gonzalez
|
0-0: Called Strike 0-1: Fly out, F9 (Flyball, 9)
|
Batting: RHB Sixto Estrada
|
0-0: Ball Josh Platt steals 2nd base 1-0: Foul Ball, location: 2F 1-1: Swinging Strike 1-2: Ball 2-2: Strikes out swinging
|
Batting: LHB Alexis Raimbault
|
0-0: Ball 1-0: Foul Ball, location: 2F 1-1: Ball 2-1: Ball 3-1: Base on Balls
|
Batting: RHB Pablo Marrero
|
0-0: Called Strike 0-1: Ball 1-1: Foul Ball, location: 2F 1-2: Ball Wild Pitch! Josh Platt to third Alexis Raimbault to second 2-2: Ball 3-2: SINGLE (Flyball, 8LS) Josh Platt scores Alexis Raimbault to third Alexis Raimbault scores
|
Batting: SHB David Martínez
|
0-0: SINGLE (Groundball, 4M) (infield hit) Pablo Marrero to second
|
Batting: LHB Javier Sánchez
|
0-0: Called Strike Balk! Pablo Marrero to third David Martínez to second 0-1: Ball 1-1: Ball 2-1: Called Strike 2-2: Ball 3-2: DOUBLE (Flyball, 78D) Pablo Marrero scores David Martínez scores
|
Batting: LHB Todd Henry
|
0-0: Ball 1-0: Ground out U3 (Groundball, 3)
|
Bottom of the 4th over - 4 runs, 4 hits, 0 errors, 1 left on base; Echo Park 5 - Detroit 8 |
TOP OF THE 5TH |
Echo Park Lakers batting - Pitching for Detroit Renaissance : RHP Maru Pao Pao
|
Batting: RHB Jesús Villalba
|
0-0: Ball 1-0: Ball 2-0: Ball 3-0: Called Strike 3-1: Foul Ball, location: 2F 3-2: Base on Balls
|
Batting: RHB Kumanosuke Abe
|
0-0: Swinging Strike 0-1: Called Strike 0-2: Ball 1-2: Ball 2-2: Foul Ball, location: 2F 2-2: Grounds into double play, 6-4-3 (Groundball, 6)
|
Batting: RHB Yoshihito Samurakami
|
0-0: SINGLE (Groundball, 56D)
|
Batting: LHB Stefan Vanderhoof
|
0-0: Hit by Pitch Yoshihito Samurakami to second
|
Batting: RHB Chris Harrell
|
0-0: Foul Ball, location: 2F 0-1: Ball 1-1: Ball 2-1: Called Strike 2-2: Foul Ball, location: 2F 2-2: Ball 3-2: Base on Balls Yoshihito Samurakami to third Stefan Vanderhoof to second
|
Batting: RHB Freddy Torres
|
0-0: Called Strike 0-1: Called Strike 0-2: Ball Wild Pitch! Yoshihito Samurakami scores Stefan Vanderhoof to third Chris Harrell to second 1-2: Strikes out swinging
|
Top of the 5th over - 1 run, 1 hit, 0 errors, 2 left on base; Echo Park 6 - Detroit 8 |
BOTTOM OF THE 5TH |
Detroit Renaissance batting - Pitching for Echo Park Lakers : RHP Brad Cunnick
|
Batting: RHB Quincy van Enk
|
0-0: Fly out, F7 (Flyball, 7S)
|
Batting: LHB Josh Platt
|
0-0: Ball 1-0: SOLO HOME RUN (Flyball, 7D), Distance : 365 ft
|
Batting: LHB Elian Gonzalez
|
0-0: DOUBLE (Flyball, 78D)
|
Pitching: RHP Arnout Els
|
|
Batting: RHB Sixto Estrada
|
0-0: Called Strike 0-1: Ball 1-1: Ball 2-1: Ball 3-1: Called Strike 3-2: SINGLE (Line Drive, 9LM) Elian Gonzalez to third Runner from 3rd tries for Home, SAFE, no throw
|
Batting: LHB Alexis Raimbault
|
0-0: Called Strike 0-1: Ball 1-1: Ball 2-1: Fly out, F7 (Flyball, 78S)
|
Batting: RHB Pablo Marrero
|
0-0: Foul Ball, location: 2F 0-1: Swinging Strike 0-2: Ground out 6-3 (Groundball, 6M)
|
Bottom of the 5th over - 2 runs, 3 hits, 0 errors, 1 left on base; Echo Park 6 - Detroit 10 |
TOP OF THE 6TH |
Echo Park Lakers batting - Pitching for Detroit Renaissance : RHP Maru Pao Pao
|
Batting: RHB Ismael Sandoval
|
0-0: SINGLE (Groundball, 6) (infield hit)
|
Batting: RHB Habbo Allaart
|
0-0: Called Strike 0-1: Foul Ball, location: 2F 0-2: Strikes out swinging
|
Batting: RHB Guillermo Coss
|
0-0: Called Strike 0-1: Foul Ball, location: 2F 0-2: SINGLE (Line Drive, 3) Ismael Sandoval to second
|
Batting: RHB Jesús Villalba
|
0-0: Called Strike 0-1: Called Strike 0-2: Ball 1-2: Ball 2-2: Strikes out looking
|
Batting: RHB Kumanosuke Abe
|
0-0: Foul Ball, location: 2F 0-1: Ground out 5-3 (Groundball, 56S)
|
Top of the 6th over - 0 runs, 2 hits, 0 errors, 2 left on base; Echo Park 6 - Detroit 10 |
BOTTOM OF THE 6TH |
Detroit Renaissance batting - Pitching for Echo Park Lakers : RHP Arnout Els
|
Batting: SHB David Martínez
|
0-0: SOLO HOME RUN (Flyball, 9D), Distance : 363 ft
|
Batting: LHB Javier Sánchez
|
0-0: Foul Ball, location: 2F 0-1: Ball 1-1: Foul Ball, location: 2F 1-2: Ball 2-2: Ball 3-2: SOLO HOME RUN (Flyball, 9D), Distance : 345 ft
|
Batting: LHB Todd Henry
|
0-0: Called Strike 0-1: Ball 1-1: Foul Ball, location: 2F 1-2: Fly out, F9 (Flyball, 9S)
|
Batting: RHB Quincy van Enk
|
0-0: Foul Ball, location: 2F 0-1: Ball 1-1: Ball 2-1: Ball 3-1: Base on Balls
|
Batting: LHB Josh Platt
|
0-0: Called Strike 0-1: Ball 1-1: Ball 2-1: Ball 3-1: Base on Balls Quincy van Enk to second
|
Batting: LHB Elian Gonzalez
|
0-0: Called Strike 0-1: Fly out, F3 (Popup, 3SF)
|
Batting: RHB Sixto Estrada
|
0-0: Fielders Choice at 2nd, 6-4 (Groundball, 6)
|
Bottom of the 6th over - 2 runs, 2 hits, 0 errors, 2 left on base; Echo Park 6 - Detroit 12 |
TOP OF THE 7TH |
Echo Park Lakers batting - Pitching for Detroit Renaissance : RHP Maru Pao Pao
|
Batting: RHB Yoshihito Samurakami
|
0-0: Ball 1-0: SINGLE (Groundball, 3D)
|
Batting: LHB Stefan Vanderhoof
|
0-0: Fly out, F6 (Popup, 15)
|
Batting: RHB Chris Harrell
|
0-0: Called Strike 0-1: Ball 1-1: Ball 2-1: Foul Ball, location: 2F 2-2: Fly out, F9 (Flyball, 9D)
|
Batting: RHB Freddy Torres
|
0-0: Fielders Choice at 2nd, 5-4 (Groundball, 5)
|
Top of the 7th over - 0 runs, 1 hit, 0 errors, 1 left on base; Echo Park 6 - Detroit 12 |
BOTTOM OF THE 7TH |
Detroit Renaissance batting - Pitching for Echo Park Lakers : RHP Arnout Els
|
Batting: LHB Alexis Raimbault
|
0-0: Ground out U3 (Groundball, 3S)
|
Batting: RHB Pablo Marrero
|
0-0: SINGLE (Flyball, 8LS)
|
Batting: SHB David Martínez
|
0-0: Ball 1-0: Called Strike 1-1: Foul Ball, location: 2F 1-2: Ball 2-2: SINGLE (Line Drive, 9S) Pablo Marrero to second Pablo Marrero to third
|
Batting: LHB Javier Sánchez
|
0-0: Ball 1-0: SINGLE (Line Drive, 4MD) Pablo Marrero scores David Martínez to second
|
Batting: LHB Todd Henry
|
0-0: Ball 1-0: Ball 2-0: Called Strike 2-1: Swinging Strike 2-2: Foul Ball, location: 2F 2-2: Grounds into double play, 4-6-3 (Groundball, 4)
|
Bottom of the 7th over - 1 run, 3 hits, 0 errors, 1 left on base; Echo Park 6 - Detroit 13 |
TOP OF THE 8TH |
Echo Park Lakers batting - Pitching for Detroit Renaissance : RHP Maru Pao Pao
|
Batting: RHB Ismael Sandoval
|
0-0: Called Strike 0-1: Ball 1-1: Swinging Strike 1-2: Ball 2-2: Ball 3-2: Ground out 6-3 (Groundball, 6)
|
Batting: RHB Habbo Allaart
|
0-0: Ball 1-0: Ball 2-0: Ground out 6-3 (Groundball, 6M)
|
Batting: RHB Guillermo Coss
|
0-0: Ground out 6-3 (Groundball, 6)
|
Top of the 8th over - 0 runs, 0 hits, 0 errors, 0 left on base; Echo Park 6 - Detroit 13 |
BOTTOM OF THE 8TH |
Detroit Renaissance batting - Pitching for Echo Park Lakers : RHP Arnout Els
|
Batting: RHB Quincy van Enk
|
0-0: Ball 1-0: Ball 2-0: Ball 3-0: Base on Balls
|
Batting: LHB Josh Platt
|
0-0: Ball 1-0: Ball 2-0: Ball 3-0: Called Strike 3-1: Foul Ball, location: 2F 3-2: Foul Ball, location: 2F 3-2: SINGLE (Groundball, 6MD) Quincy van Enk to second Runner from 2nd tries for 3rd, SAFE, no throw
|
Batting: LHB Elian Gonzalez
|
0-0: Called Strike 0-1: Fly out, F8 (Flyball, 8LS) Runner from 3rd tags up, OUT at HOME Josh Platt to second
|
Batting: RHB Sixto Estrada
|
0-0: Ball 1-0: Ground out 4-3 (Groundball, 4M)
|
Bottom of the 8th over - 0 runs, 1 hit, 0 errors, 1 left on base; Echo Park 6 - Detroit 13 |
TOP OF THE 9TH |
Echo Park Lakers batting - Pitching for Detroit Renaissance : RHP Maru Pao Pao
|
Now in RF: Jesús Román
|
|
Batting: RHB Jesús Villalba
|
0-0: Ball 1-0: Called Strike 1-1: Swinging Strike 1-2: Ball 2-2: DOUBLE (Line Drive, 78D)
|
Pitching: RHP Andrei-Luiz Frial
|
|
Batting: RHB Kumanosuke Abe
|
0-0: Ball 1-0: Foul Ball, location: 2F 1-1: Ball 2-1: Foul Ball, location: 2F 2-2: Ball 3-2: Foul Ball, location: 2F 3-2: Foul Ball, location: 2F 3-2: Base on Balls
|
Batting: RHB Yoshihito Samurakami
|
0-0: Ball 1-0: Ball 2-0: Ball 3-0: Called Strike 3-1: Swinging Strike 3-2: Foul Ball, location: 2F 3-2: Base on Balls Jesús Villalba to third Kumanosuke Abe to second
|
Batting: LHB Stefan Vanderhoof
|
0-0: Ball 1-0: Ball 2-0: Called Strike 2-1: Swinging Strike 2-2: Strikes out swinging
|
Batting: RHB Chris Harrell
|
0-0: Ball 1-0: Foul Ball, location: 2F 1-1: Foul Ball, location: 2F 1-2: Foul Ball, location: 2F 1-2: Strikes out swinging
|
Batting: RHB Freddy Torres
|
0-0: Ground out 5-3 (Groundball, 56)
|
Top of the 9th over - 0 runs, 1 hit, 0 errors, 3 left on base; Echo Park 6 - Detroit 13 |
|